Map: Odyssey LE

Players

sAviOr - Winner!

  • Race: Zerg Zerg
  • League: Master
  • Spawn Location: 5:00

Clem

  • Race: Terran Terran
  • League: Grandmaster
  • Spawn Location: 11:00

VOD

Have the link to the VOD?

Description

Time

  • Played on: Aug. 2, 2017, 7:26 p.m.
  • Length: 29:14
Show
View Real Time Build Order
Export as new Build Order

sAviOr Zerg - Winner!

Build Orders: Hatch First 

Get SALT Encoding   

  12  0:01  Drone  
  13  0:13  Overlord  
  13  0:17  Drone  
  14  0:31  Drone x2  
  14  0:35  Drone  
  17  0:53  Hatchery  
  17  0:55  Drone  
  17  1:00  Drone  
  18  1:08  Extractor  
  17  1:13  Spawning Pool  
  17  1:17  Drone  
  17  1:19  Drone  
  18  1:28  Drone  
  19  1:39  Overlord  
  19  2:00  Queen  
  19  2:01  Zergling x4  
  23  2:04  Queen  
  23  2:05  Zergling x2  
  26  2:08  Metabolic Boost  
  26  2:13  Drone  
  27  2:15  Drone  
  27  2:22  Drone  
  29  2:26  Drone  
  30  2:36  Queen  
  32  2:39  Overlord  
  32  2:46  Pneumatized Carapace  
  32  2:51  Drone x3  
  35  3:02  Drone x2  
  37  3:17  Drone x7  
  44  3:20  Overlord  
  44  3:33  Hatchery  
  43  3:41  Queen x2  
  43  3:47  Zergling x8  
  51  3:53  Overlord  
  51  3:57  Baneling Nest  
  50  4:07  Drone x2  
  50  4:09  Extractor  
  51  4:30  Drone x8  
  51  4:31  Drone  
  57  4:43  Overlord  
  57  4:45  Spore Crawler  
  52  4:46  Lair, Spore Crawler  
  52  4:49  Zergling x4  
  53  5:04  Drone x8  
  59  5:10  Zergling x2  
  59  5:16  Queen  
  59  5:18  Evolution Chamber x2  
  58  5:21  Spore Crawler  
  58  5:24  Drone x7  
  63  5:42  Drone x4  
  67  5:48  Zergling x6  
  70  5:50  Extractor, Queen x2  
  70  5:51  Spire  
  70  5:53  Zerg Ground Armor Level 1, Zerg Melee Weapons Level 1  
  70  5:55  Extractor  
  70  5:56  Overseer  
  71  6:05  Zergling x6  
  73  6:11  Overlord x3  
  73  6:22  Overlord x3  
  73  6:28  Drone  
  74  6:36  Baneling  
  74  6:37  Baneling x5  
  74  6:38  Zergling x10  
  74  6:39  Zergling x4  
  79  6:47  Zergling x4  
  71  7:07  Mutalisk x2  
  71  7:08  Mutalisk x2  
  72  7:16  Drone x8  
  78  7:27  Drone x3  
  81  7:33  Roach Warren  
  80  7:38  Hatchery  
  80  7:41  Drone x3  
  80  7:43  Extractor  
  81  7:44  Extractor  
  81  7:47  Zerg Missile Weapons Level 1  
  80  7:51  Hatchery  
  80  7:56  Drone x3  
  82  8:04  Drone x6  
  88  8:09  Drone  
  88  8:10  Drone  
  88  8:12  Hydralisk Den  
  89  8:23  Glial Reconstitution  
  89  8:30  Roach x8  
  89  8:33  Overlord x3  
  104  8:49  Muscular Augments  
  104  8:50  Overlord x3  
  104  8:53  Hydralisk x5  
  104  8:54  Hydralisk  
  116  8:59  Hydralisk x4  
  116  9:01  Drone x2  
  126  9:09  Drone x4  
  131  9:10  Drone x4  
  134  9:20  Overlord x2  
  134  9:21  Drone x3  
  136  9:25  Infestation Pit  
  136  9:27  Hydralisk x2  
  136  9:28  Hydralisk x5  
  148  9:41  Overlord x3  
  148  9:42  Roach x7  
  160  9:51  Extractor, Drone x4  
  160  9:52  Drone  
  161  10:07  Hive  
  154  10:23  Hydralisk  
  154  10:24  Hydralisk x9  
  154  10:26  Hatchery  
  170  10:48  Drone x12  
  182  11:03  Overseer x2  
  182  11:13  Hatchery  
  182  11:15  Hatchery  
  182  11:18  Viper x3  
  180  11:23  Zerg Melee Weapons Level 2  
  189  11:30  Zerg Missile Weapons Level 2  
  189  11:37  Extractor  
  188  11:40  Extractor  
  187  11:57  Zerg Flyer Weapons Level 1  
  187  11:58  Ultralisk Cavern  
  144  12:27  Hydralisk x9  
  144  12:28  Hydralisk x4  
  134  12:31  Zergling x40  
  134  12:32  Zergling x4  
  148  12:39  Overseer  
  148  12:40  Overseer x2  
  148  12:51  Hydralisk x4  
  133  13:16  Hydralisk  
  133  13:17  Hydralisk x10  
  132  13:22  Zergling x2  
  132  13:23  Zergling x2  
  132  13:24  Zergling x26  
  135  13:33  Drone x7  
  142  13:43  Chitinous Plating  
  142  13:44  Ultralisk x2  
  153  13:58  Ultralisk  
  153  13:59  Drone x9  
  157  14:13  Ultralisk  
  163  14:22  Spore Crawler  
  160  14:26  Ultralisk  
  162  14:49  Hydralisk x7  
  175  15:01  Overlord x2  
  175  15:02  Overlord x2  
  174  15:16  Extractor  
  174  15:18  Spine Crawler  
  174  15:20  Spine Crawler  
  171  15:32  Hydralisk  
  171  15:33  Hydralisk x10  
  170  15:55  Hydralisk x15  
  188  16:08  Overseer x4  
  182  16:31  Ultralisk  
  182  16:32  Overlord x2  
  182  16:54  Drone x11  
  187  17:55  Zerg Missile Weapons Level 3, Zerg Melee Weapons Level 3  
  187  17:57  Drone x6  
  193  18:16  Spore Crawler  
  192  18:22  Spore Crawler  
  192  18:23  Spore Crawler x2  
  192  18:25  Spore Crawler  
  192  18:26  Burrow  
  192  18:27  Hatchery, Spore Crawler  
  178  18:29  Drone x16  
  178  18:32  Zerg Flyer Armor Level 1  
  190  18:34  Spire  
  189  18:48  Overlord x2  
  142  19:18  Hydralisk  
  142  19:19  Hydralisk x18  
  142  19:22  Ultralisk x2  
  152  19:30  Extractor  
  148  19:34  Ultralisk x3  
  148  19:35  Ultralisk x2  
  174  19:40  Zergling x6  
  177  19:49  Greater Spire  
  178  19:52  Zergling x2  
  178  19:53  Zergling x10  
  178  19:56  Adrenal Glands  
  183  20:04  Hatchery  
  182  20:12  Overlord x3  
  182  20:16  Extractor  
  182  20:18  Spine Crawler x2  
  148  20:54  Zergling x2  
  148  20:55  Zergling x58  
  154  21:12  Overseer  
  154  21:16  Hydralisk x10  
  154  21:17  Hydralisk x5  
  172  21:21  Drone x3  
  172  21:22  Drone  
  172  21:32  Overseer  
  172  21:33  Overseer x2  
  159  21:47  Queen  
  159  21:48  Queen x4  
  159  21:51  Drone x4  
  159  21:52  Drone x5  
  165  21:58  Zergling x18  
  172  22:02  Hatchery  
  171  22:20  Extractor  
  164  22:24  Viper x4  
  176  22:31  Zergling x2  
  176  22:32  Zergling x24  
  189  22:40  Roach x4  
  189  22:41  Roach  
  199  22:54  Corruptor  
  195  22:59  Spore Crawler  
  169  23:31  Ravager  
  169  23:32  Ravager x2  
  162  23:44  Hydralisk x8  
  177  23:54  Zergling x22  
  177  23:55  Zergling x30  
  192  23:59  Extractor  
  189  24:02  Extractor  
  189  24:03  Extractor  
  189  24:04  Drone x3  
  189  24:05  Drone x3  
  193  24:10  Zerg Flyer Weapons Level 2  
  193  24:11  Zerg Flyer Armor Level 2  
  193  24:20  Hydralisk  
  193  24:21  Hydralisk x3  
  169  25:13  Hydralisk x11  
  170  25:32  Zergling x4  
  170  25:34  Hydralisk x3  
  170  25:35  Hydralisk x8  
  188  25:41  Zergling x18  
  186  25:49  Spore Crawler  
  182  25:52  Spore Crawler  
  182  25:53  Spore Crawler  
  179  26:03  Overseer  
  178  26:10  Zergling x16  
  178  26:11  Zergling x10  
  187  26:14  Extractor  
  187  26:16  Extractor  
  187  26:17  Extractor  
  182  26:37  Hatchery  
  180  26:40  Spore Crawler x3  
  161  27:03  Zergling x2  
  161  27:04  Zergling x48  
  166  27:41  Ultralisk x3  
  166  27:42  Overlord x2  
  166  27:43  Overlord x2  
  171  28:15  Ultralisk x3  
  171  28:16  Zergling x8  
  171  28:17  Zergling x12  
  199  28:39  Spore Crawler  
  199  28:41  Spore Crawler x2  
  197  28:43  Viper  
Show
View Real Time Build Order
Export as new Build Order

Clem Terran 

Build Orders: Hellion Banshee 

Get SALT Encoding   

  12  0:00  SCV  
  13  0:12  SCV  
  14  0:17  Supply Depot  
  14  0:24  SCV  
  14  0:28  Refinery  
  15  0:39  SCV  
  16  0:45  Barracks  
  16  0:52  SCV  
  17  1:04  SCV  
  18  1:16  SCV  
  19  1:32  Orbital Command, Reaper  
  20  1:43  Command Center  
  20  1:55  Factory  
  20  1:57  SCV  
  21  2:05  Supply Depot  
  21  2:10  Barracks Reactor  
  21  2:11  SCV  
  21  2:15  Refinery  
  22  2:23  SCV  
  23  2:35  SCV  
  24  2:47  SCV  
  24  2:49  Starport  
  25  2:52  Hellion x2  
  25  2:56  Barracks Tech Lab  
  26  2:58  Orbital Command  
  29  2:59  SCV  
  30  3:10  Supply Depot  
  30  3:11  SCV  
  31  3:14  Hellion  
  31  3:18  Hellion  
  35  3:24  SCV  
  36  3:33  Banshee, Cloaking Field  
  39  3:34  SCV  
  39  3:39  Hellion  
  42  3:41  SCV  
  42  3:46  SCV  
  42  3:47  Supply Depot  
  44  3:53  SCV  
  45  3:59  Hellion  
  45  4:00  Hellion  
  45  4:02  SCV  
  50  4:10  Supply Depot  
  50  4:12  SCV  
  50  4:14  SCV  
  50  4:15  Armory  
  50  4:21  Hellion  
  50  4:22  Banshee, Hellion  
  55  4:30  SCV x2  
  52  4:42  Hellion, SCV x2  
  52  4:43  Hellion  
  47  4:54  SCV  
  47  4:55  SCV  
  49  5:05  Banshee  
  49  5:07  SCV x2  
  53  5:11  Hellion x2  
  58  5:18  Hyperflight Rotors  
  58  5:19  SCV  
  58  5:21  SCV  
  60  5:22  Starport  
  60  5:24  Supply Depot  
  60  5:37  SCV x2  
  60  5:38  Supply Depot  
  60  5:40  Supply Depot  
  60  5:41  Hellion  
  60  5:42  Hellion  
  63  5:48  Viking  
  63  5:49  SCV  
  66  5:53  Supply Depot  
  66  5:54  Refinery, SCV  
  67  5:57  Terran Ship Weapons Level 1  
  67  6:02  SCV  
  68  6:06  SCV  
  65  6:14  SCV, Starport Tech Lab  
  65  6:15  Refinery  
  65  6:16  Hellion x2  
  65  6:18  Banshee, SCV  
  74  6:26  SCV  
  74  6:28  Factory  
  74  6:31  SCV  
  76  6:33  Engineering Bay  
  76  6:38  SCV  
  77  6:43  SCV  
  76  6:50  SCV  
  77  6:55  SCV  
  77  6:56  Command Center  
  78  7:02  SCV  
  78  7:07  SCV, Viking x2  
  78  7:08  Thor  
  78  7:14  SCV  
  77  7:19  SCV  
  78  7:26  Banshee  
  78  7:29  Factory Tech Lab  
  77  7:30  SCV  
  77  7:31  SCV  
  77  7:35  Factory  
  79  7:38  Missile Turret  
  79  7:39  Missile Turret  
  79  7:43  Missile Turret  
  79  8:00  SCV  
  79  8:04  Supply Depot x2, SCV  
  81  8:09  Banshee, Hellion x2  
  81  8:10  Banshee  
  81  8:11  Orbital Command  
  81  8:12  SCV  
  92  8:16  Siege Tank, Infernal Pre-Igniter  
  92  8:17  Terran Vehicle Weapons Level 1  
  95  8:22  SCV  
  95  8:24  SCV  
  97  8:27  Factory Tech Lab  
  97  8:30  Hellion x2  
  101  8:35  Orbital Command, SCV  
  101  8:36  Supply Depot, SCV  
  101  8:41  Supply Depot x2  
  103  8:46  Refinery, Missile Turret  
  103  8:47  Refinery, SCV, Missile Turret  
  103  8:48  SCV, Missile Turret  
  104  8:49  Missile Turret  
  104  8:51  Siege Tank  
  108  8:56  Hellion x2  
  108  9:01  Siege Tank  
  115  9:10  SCV x2  
  115  9:11  SCV  
  115  9:16  Banshee x2  
  124  9:19  Hellion x2  
  124  9:23  Siege Tank  
  134  9:29  Supply Depot  
  134  9:33  Siege Tank, Command Center  
  134  9:42  Hellion x2  
  136  9:45  Factory  
  136  9:55  Siege Tank  
  133  10:03  Sensor Tower  
  133  10:05  Siege Tank  
  133  10:06  Hellion x2  
  140  10:08  Supply Depot  
  140  10:10  Supply Depot  
  140  10:14  Banshee x2  
  140  10:19  SCV x2  
  148  10:27  Siege Tank  
  148  10:28  Supply Depot  
  151  10:29  Supply Depot  
  151  10:38  Hellion x2  
  151  10:41  Factory Tech Lab  
  149  10:46  Command Center  
  149  10:53  Siege Tank  
  152  10:59  Siege Tank  
  152  11:00  Widow Mine x2  
  152  11:01  Drilling Claws  
  152  11:03  Banshee, Siege Tank  
  165  11:11  Sensor Tower  
  165  11:15  Missile Turret  
  165  11:18  Missile Turret  
  168  11:25  Siege Tank  
  168  11:34  Hellion  
  168  11:35  Hellion  
  172  11:42  Siege Tank x2  
  178  11:50  Armory  
  178  11:52  Starport  
  178  11:53  Starport  
  178  11:55  Terran Vehicle Weapons Level 2  
  178  12:01  Hellion  
  180  12:06  SCV  
  178  12:08  Siege Tank  
  178  12:09  Hellion  
  153  12:23  Siege Tank  
  153  12:24  Hellion, Siege Tank  
  153  12:25  Banshee  
  153  12:26  SCV x2  
  153  12:28  SCV x2  
  156  12:30  Hellion  
  158  12:45  Command Center  
  158  12:52  Hellion x2  
  162  13:00  Siege Tank  
  162  13:05  Banshee  
  153  13:14  Siege Tank  
  153  13:15  Hellion x2  
  153  13:19  Siege Tank  
  134  13:25  Banshee  
  134  13:26  Starport Reactor x2  
  137  13:35  Thor  
  143  13:44  Planetary Fortress  
  143  13:45  Refinery x2  
  143  13:48  Banshee  
  146  13:51  Sensor Tower  
  146  13:52  Missile Turret x2  
  143  14:01  Orbital Command  
  143  14:03  Hellion x2, Siege Tank  
  150  14:12  Viking x2  
  150  14:17  Terran Vehicle And Ship Armor Level 1  
  154  14:24  Hellion  
  154  14:25  Hellion  
  158  14:33  Thor  
  164  14:48  Command Center  
  164  14:50  Command Center  
  164  14:57  Hellion x2, Thor  
  164  14:58  Orbital Command  
  171  15:20  Missile Turret x2  
  171  15:21  Missile Turret  
  171  15:30  Thor  
  171  15:31  Viking x3  
  171  15:34  Thor  
  180  15:43  Thor  
  180  15:47  Hellion  
  152  15:51  Hellion  
  138  16:03  Orbital Command  
  136  16:08  Hellion  
  136  16:10  Viking x2  
  137  16:13  Siege Tank  
  137  16:15  Missile Turret  
  137  16:16  Missile Turret  
  137  16:18  Siege Tank  
  143  16:20  Orbital Command  
  143  16:21  Hellion  
  145  16:29  Missile Turret  
  145  16:46  Hellion  
  147  16:47  Hellion, Thor  
  147  16:48  Thor  
  147  16:50  Banshee x2  
  164  17:06  Refinery x2  
  164  17:10  Missile Turret x2  
  164  17:12  Missile Turret  
  164  17:14  Missile Turret  
  164  17:15  Siege Tank  
  155  17:29  Command Center  
  154  17:30  Siege Tank  
  154  17:32  Siege Tank  
  158  17:47  Siege Tank  
  155  17:52  Hellion x2  
  155  17:56  Liberator x3  
  159  18:03  Siege Tank  
  159  18:04  Siege Tank  
  165  18:15  Viking  
  165  18:18  Missile Turret x2  
  165  18:19  Siege Tank, Missile Turret x2  
  179  18:20  Orbital Command, Missile Turret  
  179  18:26  Hellion x2  
  181  18:35  Siege Tank  
  181  18:38  Viking x2  
  181  19:07  Viking  
  181  19:08  Banshee x2, Viking x2  
  189  19:10  Hellion  
  189  19:11  Hellion  
  189  19:15  Siege Tank  
  170  19:18  Hellion  
  170  19:21  Hellion  
  154  19:25  Refinery x2  
  154  19:42  Hellion, Siege Tank  
  154  19:44  Viking x2  
  163  19:46  Hellion, Siege Tank  
  164  20:10  Missile Turret x2  
  164  20:11  Liberator, Hellion x2, Missile Turret  
  165  20:14  Siege Tank x2  
  165  20:17  Planetary Fortress  
  168  20:30  Liberator x2  
  168  20:33  Siege Tank  
  168  20:34  Hellion  
  159  20:51  Hellion x3  
  159  20:55  Hellion  
  145  21:05  Siege Tank  
  120  21:12  Hellion x3  
  120  21:16  Hellion  
  128  21:21  Refinery  
  128  21:32  Command Center  
  116  21:33  Siege Tank x2  
  116  21:34  Hellion  
  113  21:40  SCV  
  113  21:45  Siege Tank  
  113  21:46  Hellion  
  119  21:47  Liberator x2  
  119  21:52  SCV  
  109  21:55  Hellion  
  109  22:04  SCV  
  109  22:05  Siege Tank  
  109  22:06  Siege Tank  
  115  22:09  Hellion  
  112  22:17  Siege Tank  
  115  22:26  Hellion  
  115  22:27  Viking x4  
  125  22:35  Missile Turret  
  125  22:36  Missile Turret  
  125  22:38  Hellion, Siege Tank  
  125  22:41  Hellion  
  132  22:48  Hellion  
  132  22:50  Hellion  
  129  22:58  SCV  
  129  23:03  Missile Turret  
  128  23:05  Missile Turret  
  128  23:06  Missile Turret  
  128  23:11  SCV  
  128  23:12  Siege Tank x2  
  126  23:18  Siege Tank  
  121  23:23  SCV  
  121  23:25  Hellion x2  
  123  23:45  Siege Tank x2  
  121  23:58  Viking  
  121  23:59  Viking  
  125  24:06  Refinery  
  125  24:13  Siege Tank  
  125  24:14  Hellion  
  127  24:28  Siege Tank  
  130  24:41  Orbital Command  
  128  24:47  Fusion Core  
  128  24:48  Hellion  
  130  24:55  Siege Tank  
  119  25:06  Siege Tank  
  112  25:13  Siege Tank  
  105  25:27  Siege Tank  
  97  25:38  Siege Tank  
  97  25:47  Siege Tank  
  100  25:53  Hellion x2  
  104  26:03  Siege Tank  
  107  26:11  Siege Tank  
  107  26:19  Hellion x2  
  111  26:28  Engineering Bay  
  111  26:38  Siege Tank  
  111  26:39  Hellion  
  112  26:41  Hellion x2  
  112  26:43  Siege Tank  
  112  26:44  Viking x3  
  113  26:53  Viking  
  109  27:00  Siege Tank  
  107  27:02  Hellion  
  107  27:05  Viking  
  107  27:10  SCV  
  95  27:37  Orbital Command  
Tags
 
Composition
Hellion Banshee
Matchup
TvZ
Player
Clem
Spawn Locations
Cross Positions
Add a new tag
Caveats
  • Supply blocks, unpowered buildings, or Contaminate may cause inaccurate times.
  • Supply counts are checked every 10 seconds.